 Dungeon Crawl Stone Soup version 0.18-a0-1229-ge9a1a01 (webtiles) character file.

65 Scytalen the Conjurer (level 3, -15/19 HPs)
             Began as a Deep Elf Conjurer on Feb 4, 2016.
             Demolished by an orc warrior
             ... wielding a +0 halberd
              (24 damage)
             ... on level 3 of the Dungeon.
             The game lasted 00:06:16 (1729 turns).

Scytalen the Conjurer (Deep Elf Conjurer)           Turns: 1729, Time: 00:06:16

Health: -15/19     AC:  4    Str:  5    XL:     3   Next: 92%
Magic:  7/9        EV:  8    Int: 20    God:
Gold:   95         SH:  0    Dex: 15    Spells: 2 memorised, 5 levels left

rFire  . . .     SeeInvis .     i - +0 hunting sling
rCold  . . .     Gourm    .     a - +0 robe
rNeg   . . .     Faith    .     (no shield)
rPois  .         Spirit   .     (no helmet)
rElec  .         Dismiss  .     (no cloak)
rCorr  .         Reflect  .     e - +1 pair of gloves
SustAt .         Harm     .     (no boots)
MR     .....                    (no amulet)
Stlth  ++........               (no ring)
                                (no ring)

@: not resistant to hostile enchantments, unstealthy
A: no striking features
a: no special abilities


You were on level 3 of the Dungeon.
You were not hungry.

You visited 1 branch of the dungeon, and saw 3 of its levels.

You collected 95 gold pieces.

Inventory:

Hand Weapons
 i - a +0 hunting sling (weapon)
Missiles
 h - 49 stones (quivered)
 t - 18 poisoned needles
Armour
 a - a +0 robe (worn)
 e - a +1 pair of gloves (worn)
Jewellery
 m - an uncursed ring of ice
Wands
 q - a wand of disintegration (9/24)
Scrolls
 d - a scroll of fear {unknown}
 f - a scroll of amnesia {unknown}
 g - a scroll of immolation {unknown}
 j - 3 scrolls of teleportation
 n - 2 scrolls of blinking {unknown}
 o - a scroll of recharging {unknown}
 p - 4 scrolls of random uselessness {unknown}
 s - a scroll of noise {unknown}
Potions
 k - 2 potions of curing {unknown}
 l - a potion of haste {unknown}
Books
 b - a book of Conjurations

   Spells                             Type                      Level
   a - Magic Dart                     Conjuration                  1
   b - Searing Ray                    Conjuration                  2
   c - Dazzling Spray                 Conjuration/Hexes            3
   d - Fulminant Prism                Conjuration/Hexes            4
   e - Iskenderun's Mystic Blast      Conjuration                  4
   f - Iskenderun's Battlesphere      Conjuration/Charms           5
Comestibles
 c - a bread ration
 r - 3 chunks of flesh


   Skills:
 - Level 2.4 Dodging
 - Level 2.4 Stealth
 - Level 3.0 Spellcasting
 + Level 6.1 Conjurations


You had 5 spell levels left.
You knew the following spells:

 Your Spells              Type           Power        Failure   Level  Hunger
a - Magic Dart            Conj           ####         1%          1    None
b - Searing Ray           Conj           ####..       1%          2    ##.....


Dungeon Overview and Level Annotations

Branches:
Dungeon (3/15)

Altars:

Annotations:
D:2 Sigmund


Message History

Casting: Magic Dart
Confirm with . or Enter, or press ? or * to list all spells.
Aiming: Searing Ray
Press: ? - help, Shift-Dir - straight line, f/p - orc warrior
Aim: an orc warrior, wielding a halberd and wearing a plate armour (moderately wounded)
The searing ray misses the orc warrior.
You now have 5/9 mp.
The searing ray hits the orc warrior.
The orc warrior is moderately wounded.
The orc warrior hits you from afar with a halberd!
Ouch! That really hurt!
You take 12 damage, and have 7/19 hp.
MASSIVE DAMAGE!!
You now have 4/9 mp.
You hear the rusting of a distant drain.
There is an open door here.
There is an escape hatch in the ceiling here.
The orc warrior hits you from afar with a halberd!!
Ouch! That really hurt!
You die...

#....#
#.#
####.#
#.# #.#
#.# #.#
#.# #.#
#.# #K#
#.# #o#
#.#
#.#####.#
#@......#
#.#######
###


You could see an orc warrior and a kobold.

Vanquished Creatures
  An adder (D:2)
  5 giant geckos
  An orc (D:3)
  5 giant cockroaches
  5 goblins
  4 hobgoblins
  4 jackals (D:2)
  A quokka (D:3)
  9 bats
  A giant newt (D:1)
  6 kobolds
  3 rats
45 creatures vanquished.

Notes
Turn   | Place    | Note
--------------------------------------------------------------
     0 | D:1      | Scytalen the Deep Elf Conjurer began the quest for the Orb.
     0 | D:1      | Reached XP level 1. HP: 10/10 MP: 6/6
   317 | D:1      | Reached XP level 2. HP: 15/15 MP: 6/8
   366 | D:1      | Reached skill level 5 in Conjurations
   818 | D:1      | Reached XP level 3. HP: 19/19 MP: 6/9
  1144 | D:2      | Noticed Sigmund
  1172 | D:2      | Learned a level 2 spell: Searing Ray
  1353 | D:2      | Reached skill level 6 in Conjurations
  1558 | D:3      | Noticed an orc warrior
  1729 | D:3      | Demolished by an orc warrior

Vault maps used:
D:1:      saegor_arrival_under_anarchy, minivault_24, hangedman_decor_lopped
D:2:      grunt_decor_mini_mirrors, uniq_sigmund
D:3:      overflow_temple_1_default, gammafunk_temple_overflow_claw,
          lightli_sewer_entry_pipes, kennysheep_generic_room_12

Action                   || total
-------------------------++-------
 Cast: Magic Dart        ||    82
       Searing Ray       ||     1
  Use: Scroll            ||     1
  Eat: Chunk             ||     2
